 Dungeon Crawl Stone Soup version 0.19-a0-944-gb338e1e (webtiles) character file.

126 rageheart7 the Shooter (level 4, 0/35 HPs)
             Began as a Centaur Arcane Marksman on July 9, 2016.
             Slain by an adder (3 damage)
             ... on level 3 of the Dungeon.
             The game lasted 00:07:10 (1792 turns).

rageheart7 the Shooter (Centaur Arcane Marksman)    Turns: 1792, Time: 00:07:11

Health: 0/35       AC:  4    Str: 14    XL:     4   Next: 83%
Magic:  1/5        EV:  9    Int: 12    God:
Gold:   148        SH:  0    Dex:  9    Spells: 2 memorised, 2 levels left

rFire  . . .     SeeInvis .     a - +1 shortbow
rCold  . . .     Gourm    .     e - +0 robe
rNeg   . . .     Faith    .     (shield currently unavailable)
rPois  .         Spirit   .     (no helmet)
rElec  .         Dismiss  .     (no cloak)
rCorr  .         Reflect  .     (no gloves)
SustAt .         Harm     .     (no barding)
MR     .....                    (no amulet)
Stlth  +.........               (no ring)
                                (no ring)

@: very slightly contaminated, very quick, not resistant to hostile
enchantments, very unstealthy
A: hooves 3, deformed body, speed 2, tough skin 3
a: no special abilities


You were on level 3 of the Dungeon.
You were not hungry.

You visited 1 branch of the dungeon, and saw 3 of its levels.

You collected 148 gold pieces.

Inventory:

Hand Weapons
 a - a +1 shortbow (weapon)
Missiles
 d - 48 arrows (quivered)
Armour
 e - a +0 robe (worn)
Scrolls
 b - 2 scrolls of teleportation
 g - a scroll of blinking
 h - a scroll of recharging {unknown}
Potions
 i - a potion of beneficial mutation {unknown}
 j - a potion of haste
 l - a potion of brilliance
 m - a potion of mutation {unknown}
 o - a potion of heal wounds
 p - a potion of degeneration {unknown}
 r - a potion of agility {unknown}
 s - a potion of flight {unknown}
 t - a potion of cancellation {unknown}
 v - a potion of curing {unknown}
Books
 c - a book of Debilitation

   Spells                             Type                      Level
   a - Corona                         Hexes                        1
   b - Slow                           Hexes                        2
   c - Gell's Gravitas                Hexes/Translocation          3
   d - Inner Flame                    Hexes/Fire                   3
   e - Cause Fear                     Hexes                        4
   f - Leda's Liquefaction            Hexes/Earth                  4
Comestibles
 f - 2 bread rations
 k - 10 chunks of flesh
 q - a meat ration


   Skills:
 + Level 1.0 Fighting
 * Level 6.0 Bows
 - Level 1.3 Dodging
 + Level 1.1 Spellcasting
 + Level 3.3 Hexes


You had 2 spell levels left.
You knew the following spells:

 Your Spells              Type           Power        Failure   Level  Hunger
a - Corona                Hex            #......      10%         1    ##.....
b - Slow                  Hex            #.......     12%         2    ###....


Dungeon Overview and Level Annotations

Branches:
Dungeon (3/15)

Altars:


Innate Abilities, Weirdness & Mutations

You have hooves in place of feet.
Armour fits poorly on your strangely shaped body.
You cover ground very quickly.
You have extremely tough skin. (AC +3)


Message History

The adder is moderately wounded.
The adder closely misses you. The adder completely misses you.
Firing (i - inventory):
d - 51 arrows (quivered)
Press: ? - help, Shift-Dir - straight line, f/p - adder
Aim: an adder (moderately wounded, softly glowing)
You shoot an arrow. The arrow hits the adder.
The adder is heavily wounded.
The adder bites you.
* * * LOW HITPOINT WARNING * * *
Firing (i - inventory):
d - 50 arrows (quivered)
Press: ? - help, Shift-Dir - straight line, f/p - adder
Aim: an adder (heavily wounded, softly glowing)
You shoot an arrow. The arrow hits the adder.
The adder is heavily wounded.
The adder bites you but does no damage.
Firing (i - inventory):
d - 49 arrows (quivered)
Press: ? - help, Shift-Dir - straight line, f/p - adder
Aim: an adder (heavily wounded, softly glowing)
You shoot an arrow. The arrow closely misses the adder.
The adder bites you.
You die...

##.......##...# #............
##.......##...# #.........###
.'.......##...# #...........#
##.......##...# #.......P...#
##.......##...# #...........##
###########...###..P......P..#
# #..............# #
#..............# #
#.@..P......P..# #
#..S..........##
#......P..P...#
#............##
#..............
#....?......... #######... ..(


You could see an adder.

Vanquished Creatures
  An orc wizard (D:3)
  3 adders
  An ooze (D:1)
  3 dart slugs
  2 worms (D:2)
  5 giant geckos
  3 orcs (D:3)
  3 ball pythons
  3 giant cockroaches
  2 goblins (D:1)
  5 hobgoblins
  2 jackals (D:1)
  3 kobolds
  8 bats
  2 giant newts
  5 rats
  A fungus (D:3)
52 creatures vanquished.

Notes
Turn   | Place    | Note
-------+----------+-------------------------------------------
     0 | D:1      | rageheart7 the Centaur Arcane Marksman began the quest for the Orb.
     0 | D:1      | Reached XP level 1. HP: 16/16 MP: 2/2
   182 | D:1      | Reached skill level 3 in Bows
   230 | D:1      | Reached XP level 2. HP: 22/23 MP: 3/3
   693 | D:1      | Reached skill level 4 in Bows
   695 | D:1      | Reached XP level 3. HP: 26/28 MP: 4/4
   721 | D:1      | Learned a level 2 spell: Slow
  1200 | D:2      | Reached skill level 5 in Bows
  1348 | D:2      | Reached XP level 4. HP: 35/35 MP: 5/5
  1737 | D:3      | Reached skill level 6 in Bows
  1792 | D:3      | Slain by an adder

Vault maps used:
D:1:      minmay_arrival_plants_in_alcoves
D:3:      ecumenical_altar_1, minmay_misc_feat_plants

Skill      XL: |  1  2  3  4 |
---------------+-------------+-----
Bows           | 3 4 5 6 |  6.0
Hexes          | 3 |  3.3
Fighting       | |  1.0
Dodging        | |  1.3
Spellcasting   | |  1.1

Action                   |  1- 3 |  4- 6 || total
-------------------------+-------+-------++-------
 Fire: Shortbow          |   133 |    56 ||   189
 Cast: Corona            |     5 |     8 ||    13
       Slow              |     1 |     3 ||     4
  Use: Scroll            |     7 |     2 ||     9
  Eat: Chunk             |     1 |     1 ||     2
Armor: Robe              |    22 |     9 ||    31
Dodge: Dodged            |    21 |    16 ||    37
